 Dungeon Crawl Stone Soup version 0.20.1-1-g8b1a95d (webtiles) character file.

18 Schiappus the Skirmisher (level 2, -1/24 HPs)
             Began as a Demonspawn Berserker on Sept 10, 2017.
             Was a Follower of Trog.
             Slain by a rat (2 damage)
             ... on level 1 of the Dungeon.
             The game lasted 00:01:46 (518 turns).

Schiappus the Skirmisher (Demonspawn Berserker)      Turns: 518, Time: 00:01:46

Health: -1/24      AC:  4    Str: 17    XL:     2   Next: 51%
Magic:  2/2        EV: 12    Int:  8    God:    Trog [*.....]
Gold:   50         SH:  0    Dex: 12    Spells: 1/1 levels left

rFire    . . .     SeeInvis .   a - +0 hand axe
rCold    . . .     Gourm    .   (no shield)
rNeg     . . .     Faith    .   b - +0 animal skin
rPois    .         Spirit   .   (no helmet)
rElec    .         Reflect  .   (no cloak)
rCorr    .         Harm     .   (no gloves)
MR       .....                  (no boots)
Stlth    +.........             (no amulet)
Regen    0.1/turn               (no ring)
MPRegen  0.1/turn               (no ring)

@: no status effects
A: iridescent scales 1
a: Berserk, Burn Spellbooks, Renounce Religion


You were on level 1 of the Dungeon.
You worshipped Trog.
Trog was aware of your devotion.
You were not hungry.

You visited 1 branch of the dungeon, and saw 1 of its levels.

You collected 50 gold pieces.

Inventory:

Hand Weapons
 a - a +0 hand axe (weapon)
Armour
 b - a +0 animal skin (worn)
Scrolls
 g - a scroll of teleportation {unknown}
 j - a scroll of amnesia {unknown}
Potions
 d - a potion of degeneration {unknown}
 e - a potion of agility {unknown}
 f - a potion of might {unknown}
 h - a potion of curing {unknown}
 i - a potion of heal wounds {unknown}
 k - a potion of lignification {unknown}
Comestibles
 c - a bread ration


   Skills:
 + Level 3.4 Fighting
 + Level 3.0 Axes
 + Level 1.8 Armour
 + Level 2.0 Dodging


You had one spell level left.
You didn't know any spells.

Dungeon Overview and Level Annotations

Branches:
Dungeon (1/15)

Altars:


Innate Abilities, Weirdness & Mutations

You are partially covered in iridescent scales. (AC +2)


Message History

* * * LOW HITPOINT WARNING * * *
You closely miss the leopard gecko. The leopard gecko barely misses you.
You barely miss the leopard gecko. The leopard gecko barely misses you.
The leopard gecko closely misses you.
You hit the leopard gecko but do no damage.
The leopard gecko misses you.
You barely miss the leopard gecko. The leopard gecko closely misses you.
You barely miss the leopard gecko.
The leopard gecko bites you but does no damage.
The leopard gecko bites you.
* * * LOW HITPOINT WARNING * * *
You closely miss the leopard gecko. The leopard gecko barely misses you.
You hit the leopard gecko.
You kill the leopard gecko!
Trog accepts your kill.
Your Dodging skill increases to level 2!
You hit the rat but do no damage. The rat bites you but does no damage.
You closely miss the rat. The rat misses you.
You barely miss the rat. The rat bites you.
You die...

......... ...............#
...............# #########
...........(...# #........
...............# #........
...............######....(...
................... .........
...............######....)...
#.
...............)@rw.........#
#.
.....##############..........
#. .###.# #.......>.. #.
.###.# #.......... #. ...#.#
#.......... #. ##.#.#
##########'# #. ##...# #.# #.
##.### ####.#### ###
###.##.....


You could see a dart slug and a rat.

Vanquished Creatures
  A leopard gecko (D:1)
  A giant cockroach (D:1)
  2 goblins (D:1)
  A hobgoblin (D:1)
  3 jackals (D:1)
  2 kobolds (D:1)
  2 bats (D:1)
  2 frilled lizards (D:1)
  3 rats (D:1)
17 creatures vanquished.

Notes
Turn   | Place    | Note
-------+----------+-------------------------------------------
     0 | D:1      | Schiappus the Demonspawn Berserker began the quest for the Orb.
     0 | D:1      | Reached XP level 1. HP: 18/18 MP: 1/1
   314 | D:1      | Gained mutation: You are partially covered in iridescent scales. (AC +2) [demonic ancestry]
   314 | D:1      | Reached XP level 2. HP: 10/24 MP: 2/2
   508 | D:1      | HP: 1/24 [leopard gecko (2)]
   513 | D:1      | HP: 1/24 [leopard gecko (1)]
   518 | D:1      | Slain by a rat

Skill      XL: |  1  2 |
---------------+-------+-----
Axes           | 3 |  3.0
Dodging        | 2 |  2.0
Fighting       | |  3.4
Armour         | |  1.8

Action                   || total
-------------------------++-------
Melee: Hand axe          ||    62
Armor: Animal skin       ||    23
Dodge: Dodged            ||    46
